 Dungeon Crawl Stone Soup version 0.23.0 (webtiles) character file.

Game seed: 3995564106662493893

12507 suvakkihuora the Covert (level 11, -5/54 HPs)
             Began as a Spriggan Monk on Feb 11, 2019.
             Was a High Priest of Makhleb.
             Shot with a sling bullet by a faun (15 damage)
             ... led by a satyr
             ... on level 4 of the Shoals.
             The game lasted 00:42:55 (9129 turns).

suvakkihuora the Covert (Spriggan Monk)             Turns: 9129, Time: 00:42:56

Health: -5/54      AC:  3    Str:  7    XL:     11   Next: 63%
Magic:  16/17      EV: 31    Int: 13    God:    Makhleb [*****.]
Gold:   450        SH:  8    Dex: 19    Spells: 10/10 levels left

rFire    + . .     SeeInvis +   q - +5 long sword of Bodily Harmony {speed, rF+ Stlth+}
rCold    . . .     Gourm    .   x - +0 buckler
rNeg     . . .     Faith    .   m - +0 robe "Mophiss" {MR+ Dex-2 Slay+3}
rPois    +         Spirit   .   t - +1 hat
rElec    .         Reflect  .   (no cloak)
rCorr    .         Harm     +   (gloves unavailable)
MR       ++...                  (boots unavailable)
Stlth    +++++++...             g - amulet of harm
HPRegen  0.18/turn              e - ring of poison resistance
MPRegen  0.15/turn              h - ring of flight

@: afraid, flying, studying Shields, very quick
A: very small, unfitting armour, see invisible, herbivore, speed 3, slow
metabolism 2
a: Minor Destruction, Lesser Servant of Makhleb, Major Destruction, Greater
Servant of Makhleb, Renounce Religion, Stop Flying


You were on level 4 of the Shoals.
You worshipped Makhleb.
Makhleb was extremely pleased with you.
You were not hungry.

You visited 3 branches of the dungeon, and saw 22 of its levels.

You collected 450 gold pieces.

Inventory:

Hand Weapons
 q - the +5 long sword of Bodily Harmony (weapon) {speed, rF+ Stlth+}
   (You took it off an orc wizard on level 8 of the Dungeon)

   Attacks with this weapon are significantly faster.
   It protects you from fire.
   It makes you more stealthy.
 y - a +2 dagger of venom
Armour
 m - the +0 robe "Mophiss" (worn) {MR+ Dex-2 Slay+3}
   (You found it on level 7 of the Dungeon)

   It affects your dexterity (-2).
   It affects your accuracy and damage with ranged weapons and melee attacks
   (+3).
   It affects your resistance to hostile enchantments.
 t - a +1 hat (worn)
 x - a +0 buckler (worn)
Jewellery
 e - a ring of poison resistance (left hand)
 g - an amulet of harm (around neck)
 h - a ring of flight (right hand)
 u - an uncursed ring of teleportation
 v - an uncursed ring of positive energy
Wands
 f - a wand of scattershot (5)
 j - a wand of enslavement (8)
 l - a wand of flame (22)
 w - a wand of disintegration (5)
 z - a wand of random effects (42)
 C - a wand of acid (7)
 D - a wand of digging (1)
Scrolls
 b - 2 scrolls of blinking
 i - a scroll of teleportation
 p - a scroll of remove curse
 B - a scroll of enchant armour
 E - a scroll of immolation {unknown}
Potions
 a - 4 potions of flight {unknown}
 k - 4 potions of agility {unknown}
 r - a potion of brilliance {unknown}
 s - a potion of might {unknown}
 A - a potion of haste
 F - a potion of lignification
Books
 n - a manual of Shields
Comestibles
 c - 9 rations


   Skills:
 - Level 4.4 Fighting
 - Level 7.1 Short Blades
 * Level 13.5 Dodging
 * Level 14.6 Stealth
 - Level 7.4 Shields
 - Level 6.1 Invocations
 * Level 7.0 Evocations


You had 10 spell levels left.
You didn't know any spells.
Your spell library contained the following spells:

 Spells                   Type           Power        Failure   Level  Hunger
 Sting                    Conj/Pois      #...         30%         1    ##.....
 Summon Butterflies       Summ           #.......     30%         1    ##.....
 Poisonous Vapours        Pois/Air       #.....       43%         2    ###....
 Call Canine Familiar     Summ           #.......     67%         3    ####...
 Mephitic Cloud           Conj/Pois/Air  #.......     67%         3    ####...
 Olgreb's Toxic Radiance  Pois           #.......     97%         4    #####..
 Summon Ice Beast         Ice/Summ       #.......     97%         4    #####..
 Summon Mana Viper        Hex/Summ       #.......     100%        5    ######.
 Venom Bolt               Conj/Pois      #.........   100%        5    ######.
 Summon Hydra             Summ           #.........   100%        7    #######


Dungeon Overview and Level Annotations

Branches:
Dungeon (12/15)              Lair (6/6) D:11         Shoals (3/4) Lair:4
  Slime (0/5) Lair:6          Orc (0/2) D:10
 Temple: D:4-7        Snake: Lair:2-4    Spider: Lair:2-4

Altars:
Ashenzari
Elyvilon
Gozag
Hepliaklqana
Kikubaaqudgha
Makhleb
Sif Muna
The Shining One
Jiyva

Annotations:
D:2 Terence
D:3 Robin
D:4 exclusion: upstairs
D:6 exclusion: oklob plant
D:8 exclusion: downstairs
D:10 exclusion: upstairs
D:11 exclusion: door
Lair:2 1 runed translucent door, Weugil's ghost, journeyman HaBe


Innate Abilities, Weirdness & Mutations

You are very small and have problems with some larger weapons.
You are too small for most types of armour.
You have supernaturally acute eyesight. (SInv)
You are a herbivore.
You cover ground extremely quickly.
You need to consume almost no food.


Message History

It is covered in frost.
The faun shoots a stone.
The stone hits you!!
* * * LOW HITPOINT WARNING * * *
The stone freezes you.
* * * LOW HITPOINT WARNING * * *
Things that are here:
a stone; a sling bullet Evoke which item? (* to show all) (? for menu, Esc to quit)
Aiming: Throw Flame
Press: ? - help, Shift-Dir - straight line, f - faun
Aim: a faun, wielding a +1 hunting sling of freezing The puff of flame hits the faun.
The faun is lightly wounded.
The faun shouts! x2
The satyr plays a rousing melody on his pipes!
The fauns go into a battle-frenzy!
The faun is engulfed in a cloud of scalding steam.
The faun gestures at you while chanting.
You resist with almost no effort.
The faun shoots a sling bullet.
The sling bullet hits you!
You die...

≈≈≈≈c≈≈≈≈≈≈≈≈≈≈≈
≈≈≈≈≈cc≈≈≈≈≈≈≈≈≈≈
≈≈≈≈≈≈≈≈≈c≈c≈≈≈≈≈≈≈≈≈≈≈
≈≈≈≈≈≈≈≈≈≈≈≈≈...≈≈≈≈≈≈≈≈
≈≈≈≈≈≈≈≈≈≈≈≈......≈≈≈≈≈≈
≈≈≈≈≈≈≈≈≈≈≈........≈≈≈≈≈
≈≈≈≈≈≈≈≈≈≈.........≈≈≈≈≈
≈≈≈≈≈≈≈≈≈≈......@...≈≈≈≈
≈≈≈≈≈≈≈≈≈≈.....#####.≈≈P
≈≈≈≈≈≈≈≈≈≈....## P
≈≈≈≈≈≈≈≈≈..(..#
≈≈≈≈≈≈≈≈≈.....+.)=.H#
≈≈≈≈≈≈≈≈≈.....#...H.#
≈≈≈≈≈≈≈≈≈.....##.k.##
≈≈≈≈≈≈≈≈≈......##+##
≈≈≈≈≈≈≈≈≈≈.......


You could see a satyr and 4 fauns.

Vanquished Creatures
  A merfolk impaler (Shoals:4)
  Erolcha (D:10)
  A sea snake (Shoals:4)
  An unseen horror (D:10)
  A wizard (D:10)
  A manticore (Shoals:4)
  A water nymph (Shoals:4)
  2 centaur skeletons
  A spiny frog (Lair:3)
  A rime drake (Lair:4)
  4 merfolk
  2 hippogriffs
  14 yaks
  2 wyverns (Lair:2)
  A basilisk (Lair:4)
  3 porcupines
  3 sky beasts
  5 water moccasins
  A phantom (D:9)
  2 black bears (D:9)
  3 ogres
  An eye of draining (D:11)
  12 wolves (Lair:3)
  2 centaurs
  A crocodile (Lair:2)
  5 bullfrogs
  A killer bee (D:8)
  A scorpion (D:10)
  A howler monkey (D:9)
  5 orc priests
  2 bullfrog skeletons
  4 jellies
  4 hounds
  3 iguanas
  3 worker ants
  5 orc wizards
  A hound skeleton (D:11)
  4 adders
  3 shadow imps
  A leopard gecko (D:5)
  18 orcs
  4 bats
  2 giant cockroaches
  2 goblins (D:2)
  2 hobgoblins
  2 kobolds
  A quokka (D:9)
  3 frilled lizards
  A rat (D:3)
  A rat zombie (D:8)
146 creatures vanquished.

Vanquished Creatures (collateral kills)
  A spiny frog (Lair:2)
  2 ice beasts
  An orc warrior (D:8)
  3 killer bees (D:8)
  An orc priest (D:8)
  An orc wizard (D:8)
  An iguana (D:8)
  A killer bee zombie (D:6)
  2 orcs (D:8)
  A giant cockroach (D:6)
14 creatures vanquished.

Vanquished Creatures (others)
  14 fungi
  3 plants
  A withered plant (Lair:2)
18 creatures vanquished.

Grand Total: 178 creatures vanquished

Notes
Turn   | Place    | Note
-------+----------+-------------------------------------------
     0 | D:1      | suvakkihuora the Spriggan Monk began the quest for the Orb.
     0 | D:1      | Reached XP level 1. HP: 11/11 MP: 2/2
    82 | D:2      | Found a glowing golden altar of the Shining One.
    86 | D:2      | Noticed Terence
   117 | D:3      | Noticed an orc wizard
   462 | D:2      | Reached skill level 4 in Stealth
   687 | D:3      | Noticed Robin
   802 | D:1      | Reached XP level 2. HP: 15/16 MP: 3/3
   954 | D:2      | Found a faded altar of an unknown god.
   960 | D:2      | Became a worshipper of Makhleb the Destroyer
   960 | D:2      | Reached * piety under Makhleb
   960 | D:2      | Reached ** piety under Makhleb
  1456 | D:4      | Reached skill level 5 in Stealth
  1549 | D:4      | Noticed a scorpion
  1566 | D:5      | Entered Level 5 of the Dungeon
  1579 | D:5      | Reached skill level 1 in Invocations
  1762 | D:5      | Reached XP level 3. HP: 18/19 MP: 3/5
  1874 | D:4      | Reached *** piety under Makhleb
  2242 | D:7      | Noticed a big kobold
  2276 | D:6      | Noticed an ice beast
  2322 | D:6      | Killed an ice beast
  2322 | D:6      | Reached skill level 6 in Stealth
  2322 | D:6      | Reached XP level 4. HP: 3/23 MP: 6/6
  2597 | D:6      | Noticed an oklob plant
  2637 | D:6      | Found a white marble altar of Elyvilon.
  2739 | D:7      | Reached XP level 5. HP: 27/27 MP: 7/7
  2924 | D:9      | Noticed a hippogriff
  3038 | D:8      | Found an ancient bone altar of Kikubaaqudgha.
  3105 | D:8      | Noticed an orc warrior
  3120 | D:8      | Found a hazy altar of Hepliaklqana.
  3127 | D:8      | Reached skill level 7 in Stealth
  3156 | D:7      | Noticed an ogre
  3162 | D:7      | Found a deep blue altar of Sif Muna.
  3185 | D:7      | Noticed a centaur
  3216 | D:7      | Noticed an ogre
  3227 | D:7      | Got an ominously black robe
  3286 | D:8      | Identified the cursed +0 robe "Mophiss" {MR+ Dex-2 Slay+3}
                  | (You found it on level 7 of the Dungeon)
  3292 | D:8      | Found an opulent altar of Gozag.
  3297 | D:8      | Reached XP level 6. HP: 32/32 MP: 9/9
  3315 | D:8      | Killed an orc warrior
  3326 | D:8      | Noticed an ice beast
  3334 | D:8      | Reached skill level 5 in Short Blades
  3343 | D:8      | Killed an ice beast
  3343 | D:8      | Reached skill level 8 in Stealth
  3445 | D:8      | Identified the +5 long sword of Bodily Harmony {speed, rF+
                  | Stlth+}
  3460 | D:8      | Reached XP level 7. HP: 21/35 MP: 11/11
  3815 | D:8      | Found a deep blue altar of Sif Muna.
  3998 | D:10     | Entered Level 10 of the Dungeon
  4018 | D:10     | Reached skill level 9 in Stealth
  4027 | D:9      | Reached skill level 5 in Invocations
  4027 | D:9      | Reached XP level 8. HP: 40/40 MP: 12/12
  4367 | D:10     | Noticed a wizard
  4381 | D:10     | Killed a wizard
  4381 | D:10     | Reached skill level 10 in Stealth
  4486 | D:10     | Noticed a large abomination
  4486 | D:10     | Noticed a large abomination
  4486 | D:10     | Noticed a large abomination
  4786 | D:12     | Noticed a troll
  4786 | D:12     | Noticed a slime creature
  4786 | D:12     | Noticed a slime creature
  4786 | D:12     | Noticed a slime creature
  4786 | D:12     | Noticed a slime creature
  4786 | D:12     | Noticed a slime creature
  4786 | D:12     | Noticed a slime creature
  5004 | D:11     | Reached skill level 1 in Shields
  5004 | D:11     | Reached XP level 9. HP: 46/46 MP: 14/14
  5242 | D:9      | Found a shattered altar of Ashenzari.
  5447 | D:9      | Reached **** piety under Makhleb
  5456 | D:9      | Reached skill level 5 in Shields
  5501 | D:9      | Reached skill level 5 in Dodging
  5762 | D:10     | Noticed an unseen horror
  5791 | D:10     | Killed an unseen horror
  6027 | D:10     | Noticed Erolcha
  6037 | D:10     | Killed Erolcha
  6037 | D:10     | Reached XP level 10. HP: 51/51 MP: 15/15
  6099 | D:10     | Found a staircase to the Orcish Mines.
  6206 | D:11     | Found a staircase to the Lair.
  6313 | Lair:1   | Entered Level 1 of the Lair of Beasts
  6450 | Lair:2   | Noticed a spiny frog
  6539 | Lair:2   | Reached skill level 10 in Dodging
  6539 | Lair:2   | Reached skill level 11 in Stealth
  6624 | Lair:2   | Found a runed translucent door.
  6625 | Lair:2   | Noticed Weugil's ghost (journeyman HaBe)
  6762 | Lair:2   | Noticed a six-headed hydra
  6838 | Lair:3   | Noticed a spiny frog
  6841 | Lair:3   | Killed a spiny frog
  6867 | Lair:3   | Found a shattered altar of Ashenzari.
  6901 | Lair:2   | Noticed a spiny frog
  6922 | Lair:2   | Killed a spiny frog
  7028 | Lair:4   | You fall through a shaft for 2 floors!
  7028 | Lair:6   | Entered Level 6 of the Lair of Beasts
  7028 | Lair:6   | Found a viscous altar of Jiyva.
  7028 | Lair:6   | Found a staircase to the Slime Pits.
  7053 | Lair:6   | Reached skill level 12 in Stealth
  7061 | Lair:6   | Noticed a spiny frog
  7062 | Lair:6   | Noticed a black mamba
  7097 | Lair:6   | Noticed a black mamba
  7113 | Lair:6   | Noticed a spiny frog
  7136 | Lair:6   | Noticed a spiny frog
  7672 | Lair:4   | Reached skill level 1 in Evocations
  7685 | Lair:4   | Noticed a spiny frog
  7803 | Lair:4   | Found a staircase to the Shoals.
  7834 | Lair:3   | Reached skill level 13 in Stealth
  7883 | Lair:3   | Reached XP level 11. HP: 54/54 MP: 16/16
  8389 | Lair:3   | Reached skill level 5 in Evocations
  8467 | Shoals:1 | Entered Level 1 of the Shoals
  8467 | Shoals:1 | Noticed a merfolk impaler
  8471 | Shoals:1 | Noticed a harpy
  8471 | Shoals:1 | Noticed a sea snake
  8471 | Shoals:1 | Noticed a harpy
  8471 | Shoals:1 | Noticed a harpy
  8676 | Shoals:3 | Reached skill level 14 in Stealth
  8714 | Shoals:3 | You fall through a shaft!
  8714 | Shoals:4 | Entered Level 4 of the Shoals
  8731 | Shoals:4 | Noticed a merfolk avatar
  8752 | Shoals:4 | Noticed a sea snake
  8765 | Shoals:4 | Killed a sea snake
  8822 | Shoals:4 | Noticed a satyr
  8822 | Shoals:4 | Noticed a merfolk impaler
  8822 | Shoals:4 | Noticed a merfolk javelineer
  8855 | Shoals:4 | Noticed a merfolk impaler
  8858 | Shoals:4 | Reached ***** piety under Makhleb
  8861 | Shoals:4 | Killed a merfolk impaler
  8905 | Shoals:4 | Noticed a death yak
  8934 | Shoals:4 | Noticed a harpy
  8964 | Shoals:4 | Noticed a harpy
  9123 | Shoals:4 | Noticed a harpy
  9123 | Shoals:4 | Noticed a harpy
  9127 | Shoals:4 | Noticed a satyr
  9129 | Shoals:4 | Shot with a sling bullet by a faun

Skill      XL: |  1  2  3  4  5  6  7  8  9 10 11 |
---------------+----------------------------------+-----
Stealth        | 4 5 6 7 8 9 10 13 14 | 14.6
Invocations    | 1 2 3 4 5 6 |  6.1
Short Blades   | 4 5 6 7 |  7.1
Fighting       | 3 4 |  4.4
Shields        | 1 7 |  7.4
Dodging        | 8 12 13 | 13.5
Evocations     | 3 7 |  7.0

Action                   |  1- 3 |  4- 6 |  7- 9 | 10-12 || total
-------------------------+-------+-------+-------+-------++-------
Melee: Short sword       |    47 |       |       |       ||    47
       Dagger            |    10 |       |    17 |    30 ||    57
       Rapier            |     3 |    32 |     1 |       ||    36
       Long sword        |       |       |   180 |   286 ||   466
Invok: Minor Destruction |    19 |     7 |     7 |     2 ||    35
       Lesser Servant of |     1 |     2 |     2 |     1 ||     6
 Abil: Evoke Flight      |       |       |       |     7 ||     7
Evoke: Wand              |       |       |     9 |     8 ||    17
  Use: Scroll            |     4 |     1 |     6 |     9 ||    20
       Potion            |     1 |       |     1 |     5 ||     7
 Stab: Sleeping          |     5 |     3 |    10 |    16 ||    34
       Distracted        |       |     1 |     2 |     2 ||     5
  Eat: Ration            |       |       |     1 |     3 ||     4
Armor: Robe              |     8 |     2 |    11 |     8 ||    29
       Skin              |     7 |       |       |       ||     7
Dodge: Dodged            |   137 |    43 |   132 |   219 ||   531
Block: Buckler           |       |       |    17 |   102 ||   119
       Rpst.: Long sword |       |       |    34 |    69 ||   103
